 Dungeon Crawl Stone Soup version 0.20.1-1-g8b1a95d (webtiles) character file.

53 Ijustatesigmund the Sneak (level 3, 0/18 HPs)
             Began as a Spriggan Assassin on Sept 8, 2017.
             Was an Initiate of Gozag.
             Slain by an orc priest
             ... wielding a +0 hand axe
              (4 damage)
             ... on level 3 of the Dungeon.
             The game lasted 00:04:52 (1852 turns).

Ijustatesigmund the Sneak (Spriggan Assassin)       Turns: 1852, Time: 00:04:54

Health: 0/18       AC:  3    Str:  7    XL:     3   Next: 64%
Magic:  4/4        EV: 19    Int: 12    God:    Gozag
Gold:   78         SH:  0    Dex: 18    Spells: 2/2 levels left

rFire    . . .     SeeInvis +   a - +2 dagger
rCold    . . .     Gourm    .   (shield restricted)
rNeg     . . .     Faith    .   c - +0 robe
rPois    .         Spirit   .   (helmet restricted)
rElec    .         Reflect  .   k - +0 cloak
rCorr    .         Harm     .   (gloves unavailable)
MR       .....                  (boots unavailable)
Stlth    ++++......             (no amulet)
Regen    0.1/turn               (no ring)
MPRegen  0.1/turn               (no ring)

@: very quick
A: unfitting armour, see invisible, herbivore 3, speed 3, slow metabolism 2
a: Potion Petition, Call Merchant, Bribe Branch, Renounce Religion


You were on level 3 of the Dungeon.
You worshipped Gozag.
Gozag was noncommittal.
You were not hungry.

You visited 1 branch of the dungeon, and saw 3 of its levels.

You collected 96 gold pieces.
You paid 18 gold pieces to Gozag.

Inventory:

Hand Weapons
 a - a +2 dagger (weapon)
 b - a +0 blowgun
Missiles
 e - 24 poisoned needles
 f - 2 curare-tipped needles
Armour
 c - a +0 robe (worn)
 d - a +1 cloak
 k - a +0 cloak (worn)
Scrolls
 h - 3 scrolls of remove curse
 l - a scroll of immolation {unknown}
 m - a scroll of blinking
 n - a scroll of identify
Potions
 j - a potion of resistance
Comestibles
 g - 3 bread rations
 i - 2 royal jellies


   Skills:
 - Level 1.5 Fighting
 + Level 2.9 Short Blades
 - Level 2.0 Throwing
 + Level 3.6 Dodging
 + Level 6.6 Stealth


You had 2 spell levels left.
You didn't know any spells.

Dungeon Overview and Level Annotations

Branches:
Dungeon (3/15)

Altars:
Cheibriados
Elyvilon
Gozag
Yredelemnul


Innate Abilities, Weirdness & Mutations

You are very small and have problems with some larger weapons.
You are too small for most types of armour.
You have supernaturally acute eyesight. (SInv)
You are a herbivore.
You cover ground extremely quickly.
You need consume almost no food.


Message History

The orc priest hits you with a hand axe.
The orc misses you.
You hit the orc priest.
The orc priest is almost dead.
The orc wizard mumbles some strange words.
The orc wizard blinks!
The orc priest misses you.
You closely miss the orc priest.
The orc priest is almost dead.
The orc closely misses you.
You barely miss the orc priest.
The orc priest is almost dead.
The orc priest closely misses you. The orc hits you with a whip.
* * * LOW HITPOINT WARNING * * *
You completely miss the orc priest.
The orc priest is almost dead.
The orc hits you with a whip.
* * * LOW HITPOINT WARNING * * *
The orc priest hits you with a hand axe.
You die...
Your body crumbles into a pile of gold.

......# ####
....$ ...
... #.#
#o##.#
#.#....##
#...o...# $
#######o#
#######o#
#.....@o#
#.#######
#.# #.#
###.#
##.[.#######
#..........#
#.^#######.#
#..#...[...#


You could see an orc priest and 2 orcs.

Vanquished Creatures
  2 adders (D:2)
  2 worms (D:2)
  A dart slug (D:2)
  A leopard gecko (D:1)
  3 bats
  A giant cockroach (D:1)
  4 goblins
  3 hobgoblins
  A quokka (D:2)
  A frilled lizard (D:2)
  2 kobolds
  5 rats
26 creatures vanquished.

Notes
Turn   | Place    | Note
-------+----------+-------------------------------------------
     0 | D:1      | Ijustatesigmund the Spriggan Assassin began the quest for the Orb.
     0 | D:1      | Reached XP level 1. HP: 10/10 MP: 2/2
   475 | D:1      | Reached XP level 2. HP: 14/14 MP: 3/3
   884 | D:2      | Reached skill level 6 in Stealth
  1219 | D:2      | Reached XP level 3. HP: 18/18 MP: 4/4
  1227 | D:2      | Found a snail-covered altar of Cheibriados.
  1552 | D:2      | Found a basalt altar of Yredelemnul.
  1620 | D:2      | Found a white marble altar of Elyvilon.
  1657 | D:2      | Found an opulent altar of Gozag.
  1697 | D:2      | Became a worshipper of Gozag Ym Sagoz the Greedy
  1852 | D:3      | Slain by an orc priest

Skill      XL: |  1  2 |
---------------+-------+-----
Dodging        | 2 3 |  3.6
Stealth        | 6 |  6.6
Fighting       | |  1.5
Short Blades   | |  2.9
Throwing       | |  2.0

Action                   || total
-------------------------++-------
Melee: Dagger            ||    92
 Fire: Blowgun           ||    13
  Use: Scroll            ||     6
 Stab: Sleeping          ||    11
Armor: Robe              ||     5
Dodge: Dodged            ||    71
